 Dungeon Crawl Stone Soup version 0.18.1-47-g9310371 (webtiles) character file.

42 sarahorange the Conjurer (level 3, -2/19 HPs)
             Began as a Deep Elf Conjurer on June 21, 2016.
             Splashed by a jelly's acid (6 damage)
             ... on level 1 of the Dungeon.
             The game lasted 00:06:49 (991 turns).

sarahorange the Conjurer (Deep Elf Conjurer)         Turns: 991, Time: 00:06:50

Health: -2/19      AC: -2    Str:  5    XL:     3   Next: 35%
Magic:  3/9        EV: 13    Int: 20    God:
Gold:   7          SH:  0    Dex: 15    Spells: 1 memorised, 7 levels left

rFire  . . .     SeeInvis .     k - +0 mace
rCold  . . .     Gourm    .     a - +0 robe
rNeg   . . .     Faith    .     (no shield)
rPois  .         Spirit   .     (no helmet)
rElec  .         Dismiss  .     (no cloak)
rCorr  .         Reflect  .     (no gloves)
SustAt .         Harm     .     (no boots)
MR     .....                    (no amulet)
Stlth  ++........               (no ring)
                                (no ring)

@: corroded, not resistant to hostile enchantments, unstealthy
A: no striking features
a: no special abilities


You were on level 1 of the Dungeon.
You were not hungry.

You visited 1 branch of the dungeon, and saw 1 of its levels.

You collected 7 gold pieces.

Inventory:

Hand Weapons
 k - a +0 mace (weapon)
Missiles
 i - 42 stones (quivered)
Armour
 a - a +0 robe (worn)
 d - a +0 robe
 j - a +0 robe
Scrolls
 e - a scroll of blinking {unknown}
Potions
 g - a potion of mutation {unknown}
 h - a potion of ambrosia {unknown}
Books
 b - a book of Conjurations

   Spells                             Type                      Level
   a - Magic Dart                     Conjuration                  1
   b - Searing Ray                    Conjuration                  2
   c - Dazzling Spray                 Conjuration/Hexes            3
   d - Fulminant Prism                Conjuration/Hexes            4
   e - Iskenderun's Mystic Blast      Conjuration                  4
   f - Iskenderun's Battlesphere      Conjuration/Charms           5
Comestibles
 c - 2 bread rations


   Skills:
 + Level 0.1 Fighting
 + Level 2.8 Dodging
 + Level 2.5 Stealth
 + Level 3.3 Spellcasting
 + Level 5.3 Conjurations


You had 7 spell levels left.
You knew the following spells:

 Your Spells              Type           Power        Failure   Level  Hunger
a - Magic Dart            Conj           ###.         1%          1    None


Dungeon Overview and Level Annotations

Branches:
Dungeon (1/15)

Altars:


Message History

Aiming: Magic Dart
Press: ? - help, Shift-Dir - straight line, f - jelly
Aim: a jelly The magic dart hits the jelly.
The jelly is lightly wounded.
The jelly hits you.
You are splashed with acid!
The acid burns!
* * * LOW HITPOINT WARNING * * *
You see here a stone.
Casting: Magic Dart
Confirm with . or Enter, or press ? or * to list all spells.
Aiming: Magic Dart
Press: ? - help, Shift-Dir - straight line, f/p - jelly
Aim: a jelly (lightly wounded)
The magic dart hits the jelly.
The jelly is moderately wounded.
You see here a stone.
The jelly hits you.
* * * LOW HITPOINT WARNING * * *
You are splashed with acid!
The acid corrodes you!
The acid burns!
You die...

#....#..###...# #.# #..##
#............## ##.#######..#
#.......####.# #...........#
#.......# #.# #..#######.##
####.......# ##.## #..# #.#
(..........###...###..# #.#
.........#.....)......# #.#
####..##.####....###.## #.# #
##....(....(J@.....# #.# #
#†###############.# #.# ##
#.#.............#.# #.# .##
#.#......s......#.# #.### ..#
#(#.............#.#######.... ≈≈#
#(#######†#######............
≈≈###.#.............#..##########
≈.....'⌠....###....⌠'..# #
≈.###.#......<......#J## #


You could see a jelly.

Vanquished Creatures
  2 oozes (D:1)
  2 dart slugs (D:1)
  A giant gecko (D:1)
  4 bats (D:1)
  2 giant cockroaches (D:1)
  3 goblins (D:1)
  A hobgoblin (D:1)
  3 jackals (D:1)
  2 kobolds (D:1)
  A giant newt (D:1)
  8 rats (D:1)
29 creatures vanquished.

Notes
Turn   | Place    | Note
--------------------------------------------------------------
     0 | D:1      | sarahorange the Deep Elf Conjurer began the quest for the Orb.
     0 | D:1      | Reached XP level 1. HP: 10/10 MP: 6/6
     0 | D:1      | Noticed a jelly
     1 | D:1      | Found a runed door.
   305 | D:1      | Reached XP level 2. HP: 15/15 MP: 2/8
   544 | D:1      | Reached skill level 5 in Conjurations
   861 | D:1      | Reached XP level 3. HP: 18/19 MP: 0/9
   991 | D:1      | Splashed by a jelly's acid

Skill      XL: |  1  2 |
---------------+-------+-----
Conjurations   | 5 |  5.3
Fighting       | |  0.1
Dodging        | |  2.8
Stealth        | |  2.5
Spellcasting   | |  3.3

Action                   || total
-------------------------++-------
Melee: Mace              ||     6
Throw: Stone             ||    14
 Cast: Magic Dart        ||    58
Armor: Robe              ||     9
Dodge: Dodged            ||    23
